 Dungeon Crawl Stone Soup version 0.29.1-4-g47bece8355 (webtiles) character file.

Game seed: 15274672996650538211

189 sanboga the Ruffian (level 5, -10/53 HPs)
             Began as a Troll Berserker on Dec 2, 2022.
             Was a Believer of Trog.
             Mangled by a gnoll
             ... wielding a +0 halberd
              (14 damage)
             ... on level 3 of the Dungeon.
             The game lasted 00:01:21 (1643 turns).

sanboga the Ruffian (Troll Berserker)               Turns: 1643, Time: 00:01:22

Health: -10/53     AC:  4    Str: 27    XL:     5   Next: 40%
Magic:  4/4        EV: 10    Int:  3    God:    Trog [**....]
Gold:   172        SH:  0    Dex:  9    Spells: 4/4 levels left

rFire   . . .      SeeInvis .     - Unarmed
rCold   . . .      Faith    .   (no shield)
rNeg    . . .      Spirit   .   a - +0 animal skin
rPois   .          Reflect  .   (helmet restricted)
rElec   .          Harm     +   j - scarf {harm}
rCorr   .          Rampage  .   (gloves unavailable)
Will    .....                   (boots unavailable)
Stlth   +.........              (no amulet)
HPRegen 0.97/turn               (no ring)
MPRegen 0.09/turn               (no ring)

@: on berserk cooldown, slowed, very slow
A: large, unfitting armour, claws 3, regeneration 1, shaggy fur 1, tough skin 1
a: Renounce Religion, Berserk, Trog's Hand


You were on level 3 of the Dungeon.
You worshipped Trog.
Trog was pleased with you.
You visited 1 branch of the dungeon, and saw 3 of its levels.

You collected 172 gold pieces.

Inventory:

Armour
 a - a +0 animal skin (worn)
 j - a scarf of harm (worn)
Scrolls
 b - 2 scrolls of torment {unknown}
 e - a scroll of immolation {unknown}
 f - a scroll of blinking {unknown}
 g - a scroll of poison {unknown}
 i - a scroll of magic mapping {unknown}
 k - a scroll of identify {unknown}
 l - 2 scrolls of brand weapon {unknown}
 m - 2 scrolls of butterflies {unknown}
 o - a scroll of fear {unknown}
 p - a scroll of noise {unknown}
 r - a scroll of teleportation {unknown}
Potions
 c - a potion of curing {unknown}
 d - 2 potions of degeneration {unknown}
 h - a potion of mutation {unknown}
 n - a potion of resistance {unknown}
 q - a potion of might {unknown}


   Skills:
 + Level 3.5 Fighting
 - Level 2.4 Dodging
 * Level 5.3 Unarmed Combat


You had 4 spell levels left.
You didn't know any spells.
Your spell library was empty.

Dungeon Overview and Level Annotations

Branches:
Dungeon (3/15)

Altars:


Innate Abilities, Weirdness & Mutations

You are too large for most types of armour.
You have claws for hands.
Your natural rate of healing is unusually fast.
You are covered in fur. (AC +1)
You have tough skin. (AC +1)


Message History

Trog appreciates your killing of a magic user.
You claw the orc!
You kill the orc!
Trog accepts your kill.
You are confused.
Things that are here:
a +0 dagger; a +0 robe
Found 5 gold pieces and a sling.
You feel a strong urge to attack something.
You are no longer berserk.
You are exhausted.
You feel yourself slow down.
A gnoll comes into view. It is wielding a +0 halberd.
You claw something! Trog accepts your kill.
Trog appreciates your killing of a magic user.
Reactivating autopickup.
You feel a bit more experienced.
A gnoll comes into view. It is wielding a +0 flail.
The gnoll hits you from afar with a +0 halberd!
* * * LOW HITPOINT WARNING * * *
The gnoll hits you from afar with a +0 halberd.
* * * LOW HITPOINT WARNING * * *
Things that are here:
a +0 dagger; a +0 robe; an orc corpse You are too confused!
The gnoll barely misses you.
You're too confused to move!
You feel less confused. The gnoll completely misses you.
The gnoll closely misses you.
The gnoll hits you from afar with a +0 halberd!
* * * LOW HITPOINT WARNING * * *
The gnoll closely misses you.
Things that are here:
a +0 dagger; a +0 robe; an orc corpse A gnoll comes into view.
It is wielding a +0 flail.
The gnoll hits you with a +0 flail.
* * * LOW HITPOINT WARNING * * *
The gnoll hits you from afar with a +0 halberd!
You die...

#########'#J...
)..###.......J...###
#...##..............
#.$.##...~.......###
#...#...........'..
#...#...........###
#...#...........#
#....))##########
###+##.@....#
#......g.####
#.....g..#
#........#
###.###### #. #


You could see 2 gnolls.

Vanquished Creatures
  A sky beast (D:3)
  2 orc wizards (D:3)
  An ufetubus (D:2)
  A worm (D:2)
  An orc (D:3)
  6 ball pythons
  5 bats
  7 endoplasms
  6 hobgoblins
  3 quokkas (D:1)
  2 frilled lizards (D:1)
  A kobold (D:1)
36 creatures vanquished.

Vanquished Creatures (others)
  A plant (D:2)
1 creature vanquished.

Grand Total: 37 creatures vanquished

Notes
Turn   | Place    | Note
-------+----------+-------------------------------------------
     0 | D:1      | sanboga the Troll Berserker began the quest for the Orb.
     0 | D:1      | Reached XP level 1. HP: 22/22 MP: 0/0
   105 | D:1      | Reached XP level 2. HP: 29/29 MP: 1/1
  1073 | D:2      | Reached XP level 3. HP: 36/36 MP: 2/2
  1083 | D:2      | Reached skill level 4 in Unarmed Combat
  1100 | D:2      | Reached ** piety under Trog
  1424 | D:2      | Found a faded altar of an unknown god.
  1617 | D:3      | Noticed a sky beast
  1628 | D:3      | Killed a sky beast
  1629 | D:3      | Reached skill level 5 in Unarmed Combat
  1629 | D:3      | Reached XP level 4. HP: 29/45 MP: 3/3
  1629 | D:3      | Reached XP level 5. HP: 34/53 MP: 4/4
  1643 | D:3      | Mangled by a gnoll

Illustrated notes

Levels and vault maps discovered:
D:1:      erik_arrival_cave_to_civilisation [erik_arrival_cave_to_hall],
          layout_basic, chequers_serial_rivers_room_a, feat_on_display
D:2:      layout_rooms, shapermc_ecumenical_altar_mp_urbaneastern,
          moated_statue, minivault_19
D:3:      layout_basic, nicolae_overflow_squiral, serial_curves, eino_curves_01,
          eino_curves_04, dreamdust_mushroom_princess

Skill      XL: |  1  2  3 |
---------------+----------+-----
Unarmed Combat | 5 |  5.3
Fighting       | 3 |  3.5
Dodging        | |  2.4

Action                   |  1- 3 |  4- 6 || total
-------------------------+-------+-------++-------
Melee: Unarmed           |    76 |     5 ||    81
       Punch             |     1 |     1 ||     2
Invok: Berserk           |     1 |       ||     1
 Stab: Sleeping          |     1 |       ||     1
Armor: Animal skin       |    16 |       ||    16
Dodge: Dodged            |    33 |     4 ||    37
